 Dungeon Sprint DCSS version 0.21.1-1-g345015f (webtiles) character file.

1600000 Fang the Axe Maniac (level 15, -30/174 HPs)
             Began as a Minotaur Berserker on Apr 27, 2018.
             Was a Priest of Trog.
             Annihilated by a meat berserker
             ... wielding a +9 battleaxe
              (38 damage)
             ... in the Dungeon (Sprint VIII: "Arena of Blood").
             The game lasted 00:00:17 (16 turns).

Fang the Axe Maniac (Minotaur Berserker)              Turns: 16, Time: 00:00:17

Health: -30/174    AC:  4    Str: 28    XL:     15   Next: 96%
Magic:  14/14      EV: 24    Int:  4    God:    Trog [***...]
Gold:   0          SH:  0    Dex: 10    Spells: 14/14 levels left

rFire    . . .     SeeInvis .   j - +∞ Axe of Woe
rCold    . . .     Gourm    .   (shield currently unavailable)
rNeg     . . .     Faith    .   b - +0 animal skin
rPois    .         Spirit   .   (helmet restricted)
rElec    .         Reflect  .   (no cloak)
rCorr    .         Harm     .   (no gloves)
MR       +....     NoTele   +   (no boots)
Stlth    +.........             (no amulet)
HPRegen  0.39/turn              (no ring)
MPRegen  0.14/turn              (no ring)

@: berserk cooldown, slowed, very slow
A: retaliatory headbutt, horns 2
a: Berserk, Trog's Hand, Burn Spellbooks, Renounce Religion


You were in the Dungeon.
You worshipped Trog.
Trog was most pleased with you.
You were not hungry.

You visited 1 branch

Inventory:

Hand Weapons
 a - a +0 hand axe
 j - the +∞ Axe of Woe (weapon)
   (You found it in the Dungeon)
Armour
 b - a +0 animal skin (worn)
Scrolls
 i - a scroll of blinking
Potions
 d - a potion of curing
 e - a potion of heal wounds
 f - a potion of haste
 g - 2 potions of magic
 h - a potion of berserk rage
Comestibles
 c - a ration


   Skills:
 O Level 27 Fighting
 O Level 27 Axes
 + Level 25.2 Armour
 + Level 23.8 Dodging


You had 14 spell levels left.
You didn't know any spells.

Dungeon Overview and Level Annotations

Branches:
Dungeon (1/1)

Altars:
Makhleb


Innate Abilities, Weirdness & Mutations

You reflexively headbutt those who attack you in melee.
You have a pair of horns on your head.


Message History

Your experience leads to an increase in your attributes!
Increase (S)trength, (I)ntelligence, or (D)exterity?
You feel stronger.
You slash the bag of meat! You chop the bag of meat into pieces.
You kill the bag of meat!
Trog accepts your kill.
Your Armour skill gained 2 levels and is now at level 25!
Your Dodging skill gained 2 levels and is now at level 23!
You hear a shout! x4
The bag of meat moves out of view.
You hear a shout! x4 3 orcs come into view.
The bag of meat shouts!
You hear a shout! x2
The meat berserker rages.
You hear a shout! x2
The meat berserker hits you with a +9 battleaxe!!!
* * * LOW HITPOINT WARNING * * *
You hear a shout! x5
The meat berserker hits you with a +9 battleaxe!!!
You die... oo.....

o.... ... #....
..# .. #... ..# .
...###... ..###..
........###......
#.....O.o_......
#@o)..# #O)<._#
#)..o.#
#.....))._..o...
........###......
...###... ..###..
.. #... ..# .
#.... .o# .....
...


You could see 2 meat berserkers and 6 bags of meat.

Vanquished Creatures
  2 ogres (D)
  4 orcs (D)
6 creatures vanquished.

Notes
Turn   | Place    | Note
-------+----------+-------------------------------------------
     0 | D        | Found the +∞ Axe of Woe
     0 | D        | Fang the Minotaur Berserker began the quest for the Orb.
     0 | D        | Reached XP level 1. HP: 19/19 MP: 0/0
     3 | D        | Noticed a bag of meat
     3 | D        | Noticed a bag of meat
     5 | D        | Noticed a bag of meat
     5 | D        | Noticed a meat berserker
     7 | D        | Noticed a bag of meat
     8 | D        | Killed a bag of meat
     8 | D        | Reached skill level 10 in Dodging
     8 | D        | Reached XP level 2. HP: 57/57 MP: 1/1
     8 | D        | Reached XP level 3. HP: 64/64 MP: 2/2
     8 | D        | Reached XP level 4. HP: 72/72 MP: 3/3
     8 | D        | Reached XP level 5. HP: 80/80 MP: 4/4
     8 | D        | Reached XP level 6. HP: 88/88 MP: 5/5
     8 | D        | Reached XP level 7. HP: 95/95 MP: 6/6
     8 | D        | Reached XP level 8. HP: 103/103 MP: 7/7
     8 | D        | Reached XP level 9. HP: 111/111 MP: 8/8
     8 | D        | Reached XP level 10. HP: 118/118 MP: 9/9
     8 | D        | Reached XP level 11. HP: 126/126 MP: 10/10
    10 | D        | Noticed a meat berserker
    10 | D        | Killed a meat berserker
    10 | D        | Reached ** piety under Trog
    10 | D        | Reached skill level 15 in Armour
    10 | D        | Reached XP level 12. HP: 144/146 MP: 11/11
    10 | D        | Reached XP level 13. HP: 152/154 MP: 12/12
    10 | D        | Killed a bag of meat
    10 | D        | Reached XP level 14. HP: 164/166 MP: 13/13
    11 | D        | Noticed a meat berserker
    12 | D        | Killed a bag of meat
    12 | D        | Reached skill level 27 in Fighting
    12 | D        | Reached skill level 27 in Axes
    13 | D        | Noticed a bag of meat
    13 | D        | Noticed a bag of meat
    13 | D        | Noticed a bag of meat
    13 | D        | Noticed a bag of meat
    14 | D        | Noticed a meat berserker
    15 | D        | Noticed a bag of meat
    15 | D        | Killed a meat berserker
    15 | D        | Reached *** piety under Trog
    15 | D        | Reached XP level 15. HP: 66/174 MP: 14/14
    16 | D        | HP: 8/174 [meat berserker/+9 battleaxe (59)]
    16 | D        | Annihilated by a meat berserker

Skill      XL: |  1  2  3  4  5  6  7  8  9 10 11 12 13 14 15 |
---------------+----------------------------------------------+-----
Fighting       | 20 25 26 27 | 27.0
Axes           | 20 25 26 27 | 27.0
Armour         | 12 15 23 25 | 25.2
Dodging        | 10 13 14 21 23 | 23.8

Action                   |  1- 3 |  4- 6 |  7- 9 | 10-12 | 13-15 || total
-------------------------+-------+-------+-------+-------+-------++-------
Melee: Executioner's axe |     1 |       |       |     1 |     2 ||     4
Invok: Berserk           |     1 |       |       |       |       ||     1
